 Dungeon Crawl Stone Soup version 0.21-a0-538-gd16b88a (webtiles) character file.

451 Amnesiac the Cutter (level 7, 0/46 HPs)
             Began as a Halfling Fighter on Dec 15, 2017.
             Killed by divine providence
             ... invoked by an orc priest
              (13 damage)
             ... on level 4 of the Dungeon.
             The game lasted 00:05:06 (2321 turns).

Amnesiac the Cutter (Halfling Fighter)              Turns: 2321, Time: 00:05:07

Health: 0/46       AC:  9    Str: 19    XL:     7   Next: 25%
Magic:  7/7        EV: 11    Int:  6    God:
Gold:   192        SH: 10    Dex: 14    Spells: 6/6 levels left

rFire    . . .     SeeInvis .   b - +2 dagger (elec)
rCold    . . .     Gourm    .   c - +0 shield
rNeg     . . .     Faith    .   r - +0 scale mail
rPois    .         Spirit   .   (no helmet)
rElec    .         Reflect  .   (no cloak)
rCorr    .         Harm     .   k - +0 pair of gloves
MR       +....                  y - +0 pair of boots
Stlth    ..........             j - amulet of magic regeneration
HPRegen  0.15/turn              h - ring of protection from magic
MPRegen  0.35/turn              (no ring)

@: no status effects
A: small, mutation resistance 1
a: no special abilities


You were on level 4 of the Dungeon.
You were hungry.

You visited 1 branch of the dungeon, and saw 4 of its levels.

You collected 192 gold pieces.

Inventory:

Hand Weapons
 b - a +2 dagger of electrocution (weapon)
 w - a +0 blowgun
Missiles
 e - 156 stones (quivered)
 v - 49 poisoned needles
Armour
 c - a +0 shield (worn)
 k - a +0 pair of gloves (worn)
 r - a +0 scale mail (worn)
 y - a +0 pair of boots (worn)
Jewellery
 h - a ring of protection from magic (left hand)
 j - an amulet of magic regeneration (around neck)
 t - a +4 ring of evasion {unknown}
Wands
 n - a wand of polymorph (7)
Scrolls
 a - a scroll of fear {!r, unknown}
 l - 5 scrolls of identify {!r, unknown}
 p - 2 scrolls of amnesia {!r, unknown}
 u - a scroll of magic mapping {!r, unknown}
 B - a scroll of teleportation {!r, unknown}
Potions
 d - 3 potions of might {!q}
 g - a potion of resistance {!q, unknown}
 o - a potion of curing {!q, unknown}
 q - a potion of magic {!q, unknown}
 s - a potion of lignification {!q, unknown}
 x - a potion of brilliance {!q, unknown}
 A - a potion of degeneration {!q, unknown}
 C - a potion of berserk rage {!q, unknown}
Comestibles
 f - 3 bread rations
 i - 2 fruits
 m - a meat ration


   Skills:
 + Level 3.1 Fighting
 * Level 6.7 Short Blades
 + Level 3.7 Armour
 + Level 3.7 Dodging
 + Level 3.7 Shields


You had 6 spell levels left.
You didn't know any spells.

Dungeon Overview and Level Annotations

Branches:
Dungeon (4/15)
 Temple: D:4-7

Altars:
Makhleb
Nemelex Xobeh


Innate Abilities, Weirdness & Mutations

You are small and have problems with some larger weapons.
You are somewhat resistant to further mutation.


Message History

There is an open door here.
Found a great sword.
An adder comes into view.
The adder hisses angrily.
Found 18 poisoned needles.
An adder is nearby!
An adder is nearby!
You closely miss the adder. You block the adder's attack.
You hit the adder. Lightning courses through the adder!
You kill the adder!
No target in view!
v - 49 poisoned needles (gained 18) 2 orcs come into view.
The orc shouts! x2; You hear a shout! x2
The orc moves out of view.
You hear a shout! x3 2 orcs and an orc priest come into view.
There are monsters nearby!
You hear a shout!
You start waiting.
You hit the orc.
The orc is moderately wounded.
The orc completely misses you.
You closely miss the orc.
The orc is moderately wounded.
You hit the orc. Lightning courses through the orc!
You kill the orc!
You hit the orc. Lightning courses through the orc!
You kill the orc!
The orc priest calls down the wrath of Beogh upon you.
Pain shoots through your body!
An orc and an orc priest come into view.
The orc priest shouts!
The orc shouts!
The orc moves out of view.
The orc priest calls down the wrath of Beogh upon you.
Pain shoots through your body!
An orc wizard comes into view. It is wielding a dagger.
Items here: )) [ † a club; a hand axe; a ring mail; an orc corpse The orc wizard shouts!
You hit the orc priest.
The orc priest is lightly wounded.
The orc wizard looks braver for a moment.
The orc priest looks satisfied for a moment.
You hit the orc priest.
The orc priest is moderately wounded.
You barely miss the orc priest.
The orc priest is moderately wounded.
You block the orc priest's attack.
You hit the orc priest.
Lightning courses through the orc priest!
You kill the orc priest!
The orc priest invokes the aid of Beogh against you.
Beogh smites you!
* * * LOW HITPOINT WARNING * * *
The orc wizard mumbles some strange words.
The orc wizard flickers and vanishes!
Deactivating autopickup; reactivate with Ctrl-A.
The orc priest mumbles some strange prayers to Beogh against you.
Beogh smites you!
* * * LOW HITPOINT WARNING * * *
The orc priest mumbles some strange prayers to Beogh against you.
Beogh smites you!
You die...

#########
############.......##
...........#........#
.......###.#...<....###
.......#........@.o...#
.......#.#.........##o# ##
.........>..#'#######.# .#
.........##...#######.# .#
...........>......#...# .#
####.....#.....##.#.#####.#
###.###.###.##.#....oo.#
####.....# #.##.#######o#
###.....#### #.##.# .#


You could see an orc priest and an orc.

Vanquished Creatures
  An orc warrior (D:3)
  The ghost of Amnesiac the Shield-Bearer, an amateur HaFi (D:3)
  An orc priest (D:4)
  An orc wizard (D:4)
  A bullfrog skeleton (D:4)
  Jessica (D:2)
  7 adders
  A river rat (D:2)
  5 oozes
  2 dart slugs
  3 leopard geckos (D:1)
  8 orcs
  A ball python (D:3)
  A giant cockroach (D:1)
  4 goblins
  6 hobgoblins
  4 jackals (D:1)
  9 kobolds
  4 bats
  5 frilled lizards
  A quokka skeleton (D:4)
  9 rats
76 creatures vanquished.

Notes
Turn   | Place    | Note
-------+----------+-------------------------------------------
     0 | D:1      | Amnesiac the Halfling Fighter began the quest for the Orb.
     0 | D:1      | Reached XP level 1. HP: 15/15 MP: 1/1
    17 | D:1      | Reached skill level 3 in Short Blades
    17 | D:1      | Reached XP level 2. HP: 20/20 MP: 2/2
    21 | D:1      | Reached skill level 1 in Dodging
   111 | D:1      | Reached XP level 3. HP: 25/25 MP: 3/3
   314 | D:1      | Reached skill level 4 in Short Blades
   546 | D:2      | Noticed Sigmund
   810 | D:2      | Noticed Jessica
   827 | D:2      | Killed Jessica
   827 | D:2      | Reached XP level 4. HP: 23/30 MP: 4/4
   859 | D:2      | Noticed Sigmund
   859 | D:2      | Sigmund changed into Sigmund the river rat
   872 | D:2      | Killed Sigmund the river rat
  1097 | D:2      | Found a sparkling altar of Nemelex Xobeh.
  1177 | D:2      | Reached XP level 5. HP: 35/35 MP: 5/5
  1178 | D:2      | Reached skill level 5 in Short Blades
  1536 | D:3      | Noticed Amnesiac's ghost (amateur HaFi)
  1544 | D:3      | Killed Amnesiac's ghost
  1544 | D:3      | Reached skill level 6 in Short Blades
  1544 | D:3      | Reached XP level 6. HP: 41/41 MP: 6/6
  1711 | D:3      | Noticed an orc warrior
  1819 | D:3      | Found a burning altar of Makhleb.
  1819 | D:3      | Noticed a blizzard demon
  1867 | D:3      | Killed an orc warrior
  2095 | D:4      | Reached XP level 7. HP: 46/46 MP: 7/7
  2321 | D:4      | Killed from afar by an orc priest

Vault maps used:
D:1:      onia_arrival_handbag
D:2:      nemelex_xobeh_ov_fountains_minmay, uniq_sigmund, uniq_jessica
D:3:      makhleb_altar_promises_db

Skill      XL: |  1  2  3  4  5  6 |
---------------+-------------------+-----
Short Blades   | 3 4 6 |  6.7
Dodging        | 1 2 3 |  3.7
Fighting       | 3 |  3.1
Armour         | |  3.7
Shields        | |  3.7

Action                   |  1- 3 |  4- 6 |  7- 9 || total
-------------------------+-------+-------+-------++-------
Melee: Rapier            |   115 |    41 |       ||   156
       Unarmed           |     5 |       |       ||     5
       Dagger            |       |   105 |    20 ||   125
 Fire: Blowgun           |       |     9 |       ||     9
Evoke: Wand              |       |     3 |       ||     3
  Eat: Chunk             |       |     4 |       ||     4
Armor: Scale mail        |    35 |    18 |     2 ||    55
       Skin              |     1 |       |       ||     1
Dodge: Dodged            |    35 |    44 |     2 ||    81
Block: Shield            |    44 |    60 |     4 ||   108

Table legend:
 A = Spawn XP
 B = Non-spawn XP
 C = Spawn XP percentage of total XP
 D = Spawn monster count
 E = Non-spawn monster count
 F = Spawn count percentage of total count
 G = Total turns spent on level
                    A         B        C        D         E        F      G
               +---------+---------+-------+---------+---------+-------+---------
         Total |       0 |     645 |   0.0 |       0 |      76 |   0.0 |  2321
               +---------+---------+-------+---------+---------+-------+---------
           D:1 |       0 |      61 |   0.0 |       0 |      28 |   0.0 |   702
           D:2 |       0 |     104 |   0.0 |       0 |      14 |   0.0 |   782
           D:3 |       0 |     317 |   0.0 |       0 |      24 |   0.0 |   546
           D:4 |       0 |     163 |   0.0 |       0 |      10 |   0.0 |   291
               +---------+---------+-------+---------+---------+-------+---------
